 Dungeon Crawl Stone Soup version 0.27.1-33-g824d729ab1 (webtiles) character file.

Game seed: 10378924232072609861

7 sking99 the Insei (level 2, 0/21 HPs)
             Began as a Merfolk Transmuter on Dec 8, 2021.
             Slain by a kobold (3 damage)
             ... on level 1 of the Dungeon.
             The game lasted 00:00:35 (160 turns).

sking99 the Insei (Merfolk Transmuter)               Turns: 160, Time: 00:00:36

Health: 0/21       AC:  2    Str: 10    XL:     2   Next: 4%
Magic:  4/5        EV: 16    Int: 12    God:
Gold:   8          SH:  0    Dex: 14    Spells: 4/5 levels left

rFire    . . .     SeeInvis .     - Unarmed
rCold    . . .     Faith    .   (no shield)
rNeg     . . .     Spirit   .   a - +0 robe
rPois    .         Reflect  .   (helmet currently unavailable)
rElec    .         Harm     .   (no cloak)
rCorr    .         Rampage  .   (no gloves)
Will     .....                  (boots currently unavailable)
Stlth    +.........             (no amulet)
HPRegen  0.07/turn              c - +4 ring of evasion
MPRegen  0.09/turn              (no ring)

@: appendages
A: horns 2, (nimble swimmer 2), mertail
a: End Transformation


You were on level 1 of the Dungeon.
You had temporarily grown beastly horns.
You visited 1 branch of the dungeon, and saw 1 of its levels.

You collected 8 gold pieces.

Inventory:

Armour
 a - a +0 robe (worn)
Jewellery
 c - a +4 ring of evasion (left hand)
Potions
 b - a potion of haste {unknown}


   Skills:
 + Level 1.3 Fighting
 - Level 2.6 Dodging
 * Level 3.8 Unarmed Combat
 - Level 2.0 Spellcasting
 - Level 2.6 Transmutations


You had 4 spell levels left.
You knew the following spells:

 Your Spells              Type           Power      Damage    Failure   Level
a - Beastly Appendage     Tmut           14%        N/A       9%          1

Your spell library contained the following spells:

 Spells                   Type           Power      Damage    Failure   Level
 Wereblood                Tmut           7%         N/A       14%         2
 Spider Form              Tmut/Pois      2%         N/A       43%         3
 Ice Form                 Ice/Tmut       4%         N/A       83%         4


Dungeon Overview and Level Annotations

Branches:
Dungeon (1/15)

Altars:


Innate Abilities, Weirdness & Mutations

You have temporarily grown beastly horns.
((You are quick and stealthy near water. (Stealth+, EV+, Speed+++)))
Your lower body shifts to a powerful aquatic tail in water.


Message History

You now have 8 gold pieces.
Found 5 gold pieces.
A kobold comes into view. It is wielding a +1 dagger of speed.
Found a murky white potion.
A kobold is nearby!
An endoplasm and a hobgoblin come into view.
The hobgoblin shouts!
You hear a shout!
The endoplasm moves out of view.
The kobold shouts!
An endoplasm comes into view.
You see here 16 gold pieces.
The endoplasm quivers. x2
The kobold hits you with a +1 dagger of speed.
The hobgoblin closely misses you. The kobold barely misses you.
You closely miss the hobgoblin. The hobgoblin closely misses you.
The kobold hits you with a +1 dagger of speed.
You hit the hobgoblin.
You kill the hobgoblin!
The kobold barely misses you.
You have reached level 2!
The endoplasm freezes you.
You are frozen.
You see here 16 gold pieces.
The kobold hits you with a +1 dagger of speed.
* * * LOW HITPOINT WARNING * * *
Things that are here:
a +0 dagger; a kobold corpse
Casting: Beastly Appendage (safe; 9% risk of failure)
Confirm with . or Enter, or press ? or * to list all spells.
You grow a pair of large bovine horns.
The kobold closely misses you.
The kobold hits you with a +1 dagger of speed.
* * * LOW HITPOINT WARNING * * *
You closely miss the kobold. The kobold barely misses you.
You closely miss the kobold. The kobold hits you but does no damage.
The kobold hits you with a +1 dagger of speed.
* * * LOW HITPOINT WARNING * * *
You barely miss the kobold.
You headbutt the kobold, but do no damage.
The kobold hits you with a +1 dagger of speed.
You die...

###############............
#.............#............
#.............#....).....^.
#......<......#.....###....
#.............#.....###....
#.............#.........##
######.>.######)##.#......
#...#..$.KJ......####
#.#.#...@#.#..####
#...#...##....#
#.#.#...##.>#.#
#...#.......#.#
#.#.#.........#
#...#.....##...#
#.#†#.....# #.....
#...#.#..###..##..
#.............. #


You could see an endoplasm and a kobold.

Vanquished Creatures
  A ball python (D:1)
  A goblin (D:1)
  2 hobgoblins (D:1)
  A jackal (D:1)
  A kobold (D:1)
6 creatures vanquished.

Notes
Turn   | Place    | Note
-------+----------+-------------------------------------------
     0 | D:1      | sking99 the Merfolk Transmuter began the quest for the Orb.
     0 | D:1      | Reached XP level 1. HP: 15/15 MP: 3/3
   140 | D:1      | Reached XP level 2. HP: 12/21 MP: 5/5
   160 | D:1      | Slain by a kobold

Illustrated notes

Levels and vault maps discovered:
D:1:      lemuel_arrival_hallway, layout_rooms, minmay_pentomino_q4

Action                   || total
-------------------------++-------
Melee: Unarmed           ||    16
       Headbutt          ||     1
 Cast: Beastly Appendage ||     1
Armor: Robe              ||     3
Dodge: Dodged            ||    12
